 Dungeon Crawl Stone Soup version 0.22.0-38-g04b72b8 (webtiles) character file.

374 poirepourri the Chopper (level 7, -4/52 HPs)
             Began as a Formicid Fighter on Aug 29, 2018.
             Was an Initiate of Gozag.
             Killed from afar by an orc wizard (8 damage)
             ... with a magic dart
             ... on level 6 of the Dungeon.
             The game lasted 00:03:17 (3386 turns).

poirepourri the Chopper (Formicid Fighter)          Turns: 3386, Time: 00:03:18

Health: -4/52      AC:  6    Str: 21      XL:     7   Next: 3%
Magic:  7/7        EV:  8    Int:  7      God:    Gozag
Gold:   183        SH: 10    Dex: 11 (12) Spells: 6/6 levels left

rFire    . . .     SeeInvis +   a - +3 war axe
rCold    . . .     Gourm    .   c - +1 shield
rNeg     . . .     Faith    .   l - +1 ring mail {MR+}
rPois    +         Spirit   .   (helmet unavailable)
rElec    .         Reflect  .   (no cloak)
rCorr    .         Harm     .   (no gloves)
MR       .....                  (no boots)
Stlth    ++........             (no amulet)
HPRegen  0.17/turn              j - ring of stealth
MPRegen  0.10/turn              d - ring of poison resistance

@: vulnerable
A: permanent stasis, dig shafts and tunnels, four strong arms, antennae 3
a: Dig, Shaft Self, Potion Petition, Call Merchant, Bribe Branch, Renounce
Religion


You were on level 6 of the Dungeon.
You worshipped Gozag.
Gozag was aware of your devotion.
You were full.

You visited 1 branch of the dungeon, and saw 5 of its levels.

You collected 211 gold pieces.
You paid 28 gold pieces to Gozag.

Inventory:

Hand Weapons
 a - a +3 war axe (weapon)
Armour
 c - a +1 shield (worn)
 l - a +1 ring mail of magic resistance (worn)
Jewellery
 b - a cursed ring of attention {unknown}
 d - a ring of poison resistance (right hand)
 j - a ring of stealth (left hand)
Potions
 g - a potion of haste {unknown}
 h - 2 potions of magic
 o - 3 potions of flight
 p - a potion of lignification
Comestibles
 f - 8 rations


   Skills:
 - Level 3.2 Fighting
 + Level 7.0 Axes
 - Level 3.2 Armour
 - Level 3.6 Shields


You had 6 spell levels left.
You didn't know any spells.
Your spell library was empty.

Dungeon Overview and Level Annotations

Branches:
Dungeon (4/15)
 Temple: D:4-7

Altars:
Ashenzari
Gozag
Ru
Trog
Yredelemnul

Shops:
D:6 *


Innate Abilities, Weirdness & Mutations

You cannot be hasted, slowed, berserked, paralysed or teleported.
You can dig through walls and to a lower floor.
Your four strong arms can wield two-handed weapons with a shield.
You have a pair of large antennae on your head. (SInv)


Message History

You hit the orc wizard.
The orc wizard is lightly wounded.
The orc priest mumbles some strange prayers to Beogh against you.
Beogh smites you!
The orc wizard hits you but does no damage.
A water moccasin skeleton comes into view.
You block the orc priest's attack.
The orc priest invokes the aid of Beogh against you.
Beogh smites you!
The ogre hits you with a giant spiked club!!
* * * LOW HITPOINT WARNING * * *
The orc priest calls upon Beogh to heal the orc wizard.
The orc wizard's wounds heal themselves!
Okay, then.
As you read the scroll labeled XECYEF ONINN, it crumbles to dust.
Magic quickly surges around you.
It was a scroll of vulnerability.
The orc wizard casts a spell at you. The magic dart hits you!
You die...
Your body crumbles into a pile of gold.

### ..# #.# # #.# #.
####.######## ##.#
####...........##
####..o###.......(........
......oOo@.##.##.######.#.
"###....#####.##.# #.#.
......#.# #.##.# #...
.####.#.# #.##.# #... #
#.# #.##.# #... #{# #.##.#
#... ... ... .# ##.. ..#
#.# #.. #..


You could see an ogre, 2 orc priests and an orc wizard.

Vanquished Creatures
  An ogre (D:6)
  A scorpion (D:4)
  A quasit (D:6)
  A hound (D:4)
  2 worker ants
  Robin (D:3)
  2 adders
  An ooze (D:3)
  2 worms
  5 dart slugs
  3 orcs
  2 giant cockroaches
  9 hobgoblins
  7 jackals
  8 kobolds
  A ball python (D:1)
  10 bats
  3 frilled lizards
  18 goblins
  7 rats
85 creatures vanquished.

Notes
Turn   | Place    | Note
-------+----------+-------------------------------------------
     0 | D:1      | poirepourri the Formicid Fighter began the quest for the Orb.
     0 | D:1      | Reached XP level 1. HP: 18/18 MP: 1/1
    73 | D:1      | Reached XP level 2. HP: 16/24 MP: 2/2
   127 | D:1      | Reached skill level 3 in Axes
   213 | D:1      | Reached XP level 3. HP: 26/29 MP: 3/3
  1005 | D:2      | Reached skill level 4 in Axes
  1005 | D:2      | Reached XP level 4. HP: 11/35 MP: 4/4
  1249 | D:2      | Found a sacrificial altar of Ru.
  1681 | D:3      | Found a shattered altar of Ashenzari.
  1764 | D:3      | Found a basalt altar of Yredelemnul.
  1862 | D:3      | Reached XP level 5. HP: 22/41 MP: 5/5
  2226 | D:3      | Noticed Robin
  2241 | D:3      | Reached skill level 5 in Axes
  2260 | D:3      | Killed Robin
  2288 | D:3      | Found an opulent altar of Gozag.
  2396 | D:3      | Became a worshipper of Gozag Ym Sagoz the Greedy
  2661 | D:3      | You fall through a shaft!
  2846 | D:4      | Reached XP level 6. HP: 44/47 MP: 6/6
  2950 | D:4      | Reached skill level 6 in Axes
  3063 | D:4      | You fall through a shaft for 2 floors!
  3091 | D:6      | Found Tuaripnuo's Assorted Antiques.
  3208 | D:6      | Noticed an ogre
  3220 | D:6      | Killed an ogre
  3281 | D:6      | Reached skill level 7 in Axes
  3281 | D:6      | Reached XP level 7. HP: 51/52 MP: 7/7
  3324 | D:6      | Found a bloodstained altar of Trog.
  3386 | D:6      | Killed from afar by an orc wizard

Skill      XL: |  1  2  3  4  5  6 |
---------------+-------------------+-----
Axes           | 3 4 5 7 |  7.0
Fighting       | |  3.2
Armour         | |  3.2
Shields        | |  3.6

Action                   |  1- 3 |  4- 6 |  7- 9 || total
-------------------------+-------+-------+-------++-------
Melee: War axe           |   112 |   140 |     1 ||   253
 Abil: Shaft Self        |       |     2 |       ||     2
  Use: Scroll            |       |    17 |     1 ||    18
       Potion            |       |     3 |       ||     3
 Stab: Sleeping          |       |     1 |       ||     1
  Eat: Ration            |     1 |     3 |       ||     4
Armor: Scale mail        |    52 |    49 |       ||   101
       Ring mail         |       |    12 |     1 ||    13
Dodge: Dodged            |    38 |    53 |       ||    91
Block: Shield            |    56 |    81 |     1 ||   138
